 Dungeon Crawl Stone Soup version 0.31-a0-237-g2d982f9f85 (webtiles) character file.

Game seed: 397984972572801435

104 qw the Shooter (level 4, -1/26 HPs)
             Began as a Gargoyle Hexslinger on July 10, 2023.
             Slain by a worm (8 damage)
             ... on level 3 of the Dungeon.
             The game lasted 00:00:42 (1842 turns).

qw the Shooter (Gargoyle Hexslinger)                Turns: 1842, Time: 00:00:43

Health: -1/26      AC:  8    Str: 11    XL:     4   Next: 80%
Magic:  5/5        EV: 12    Int: 14    God:
Gold:   100        SH:  0    Dex: 14    Spells: 4/5 levels left

rFire   . . .        Y - +1 sling
rCold   . . .        (no shield)
rNeg    + . .        f - +1 robe {Will+}
rPois   inf          (no helmet)
rElec   +            h - +0 cloak
rCorr   .            c - +0 pair of gloves
SInv    .            (no boots)
Will    +....        (no amulet)
Stlth   +            (no ring)
HPRegen 0.24/turn    (no ring)
MPRegen 0.09/turn

%: no passive effects
@: no status effects
A: sickness immunity, AC +3, negative energy resistance 1, electricity
resistance, torment resistance 1, petrification resistance
a: no special abilities


You were on level 3 of the Dungeon.
You visited 1 branch of the dungeon, and saw 3 of its levels.

You collected 100 gold pieces.


Innate Abilities, Weirdness & Mutations

You are immune to sickness and miasma.
Your stone body is resilient. (AC +3)
You are immune to poison.
You resist negative energy. (rN+)
You are resistant to electric shocks. (rElec)
You are resistant to unholy torment.
You are immune to petrification.


   Skills:
 - Level 2.0 Fighting
 + Level 4.5 Ranged Weapons
 - Level 1.5 Dodging
 - Level 1.0 Spellcasting
 - Level 2.6 Hexes


You had 4 spell levels left.
You knew the following spells:

 Your Spells              Type           Power      Damage    Failure   Level
a - Slow                  Hex            32%        N/A       9%          1

Your spell library contained the following spells:

 Spells                   Type           Power      Damage    Failure   Level
 Inner Flame              Hex/Fire       4%         N/A       41%         3
 Portal Projectile        Hex/Tloc       8%         N/A       41%         3
 Cause Fear               Hex            4%         N/A       65%         4

Inventory:

Hand Weapons
 Y - a +1 sling (weapon)
Armour
 a - a +0 helmet
 c - a +0 pair of gloves (worn)
 f - a +1 robe of willpower (worn)
 h - a +0 cloak (worn)
 j - a +0 ring mail
Jewellery
 g - a +5 ring of evasion
Potions
 b - a potion of mutation {unknown}
 d - a potion of heal wounds {unknown}
 e - a potion of degeneration {unknown}

Dungeon Overview and Level Annotations

Branches:
Dungeon (3/15)

Altars:
Wu Jian


Message History

The hobgoblin closely misses you.
You shoot a sling bullet. The sling bullet hits the hobgoblin.
You kill the hobgoblin!
You shoot a sling bullet. The sling bullet hits the quokka.
The quokka is moderately wounded.
The quokka bites you but does no damage.
You shoot a sling bullet. The sling bullet hits the quokka.
The quokka is heavily wounded.
The quokka bites you.
You shoot a sling bullet.
The sling bullet closely misses the quokka.
The quokka closely misses you.
You shoot a sling bullet. The sling bullet misses the quokka.
The quokka misses you. The quokka bites you.
You shoot a sling bullet.
The sling bullet hits the quokka but does no damage.
The quokka is moderately wounded.
The quokka closely misses you. The worm bites you!
You shoot a sling bullet.
The sling bullet closely misses the quokka.
The quokka misses you. The quokka barely misses you. The worm misses you.
You shoot a sling bullet.
The sling bullet completely misses the quokka.
The quokka bites you.
You shoot a sling bullet. The sling bullet hits the quokka.
The quokka is heavily wounded.
The quokka bites you but does no damage.
The worm closely misses you.
The quokka bites you but does no damage.
You shoot a sling bullet.
The sling bullet hits the quokka but does no damage.
The quokka is heavily wounded.
The quokka barely misses you. The worm barely misses you.
You shoot a sling bullet.
The sling bullet barely misses the quokka.
The quokka bites you.
You shoot a sling bullet. The sling bullet hits the quokka.
You kill the quokka!
The worm bites you!
You die...

# #.#
#.# #
#.# #.#
# #.#
#.# #
#.# #.#
#.# #.#
#.# #.#
#@#
#w)#
#.!))
#.###%.
#.# ...
#.# #.
#.. ###


You could see a worm.

Vanquished Creatures
  Natasha (D:3)
  3 gnolls (D:3)
  A worm (D:2)
  2 dart slugs
  An orc (D:3)
  4 bats
  4 endoplasms
  A giant cockroach (D:2)
  A goblin (D:1)
  6 hobgoblins
  2 jackals (D:3)
  7 kobolds
  4 quokkas
  4 ball pythons
  A frilled lizard (D:1)
  3 rats
45 creatures vanquished.

Notes
Turn   | Place    | Note
-------+----------+-------------------------------------------
     0 | D:1      | qw the Gargoyle Hexslinger began the quest for the Orb.
     0 | D:1      | Reached XP level 1. HP: 12/12 MP: 2/2
     0 | D:1      | 0 ||| qw: Version: 0.3-a-52-g30416fa
     0 | D:1      | 0 ||| qw: Game counter: 5072
     0 | D:1      | 0 ||| qw: Melee chars always use a shield: true
     0 | D:1      | 0 ||| qw: God list: Okawaru
     0 | D:1      | 0 ||| qw: Allow faded altars: false
     0 | D:1      | 0 ||| qw: Do Orc after clearing Dungeon:15 true
     0 | D:1      | 0 ||| qw: Do second Lair branch before Depths: true
     0 | D:1      | 0 ||| qw: Lair rune preference: random
     0 | D:1      | 0 ||| qw: Goals: Normal
     0 | D:1      | 0 ||| PLANNING D:1-11
   103 | D:1      | Reached XP level 2. HP: 16/16 MP: 3/3
   179 | D:1      | Reached skill level 3 in Ranged Weapons
   615 | D:1      | 615 ||| UPGRADING to +0 leather armour.
   625 | D:1      | 625 ||| DROPPING +0 robe.
   626 | D:1      | 626 ||| UPGRADING to +1 robe of willpower.
   636 | D:1      | 636 ||| DROPPING +0 leather armour.
   637 | D:1      | 637 ||| UPGRADING to +0 cloak.
   642 | D:1      | 642 ||| READING scroll labelled ZIB HOSEWAR.
   643 | D:1      | 643 ||| READING scroll labelled ZENYURHAYFO.
   744 | D:1      | 744 ||| READING scroll labelled ASHREO JOEXEOT.
   745 | D:1      | 745 ||| DROPPING scroll of poison.
   858 | D:2      | Reached XP level 3. HP: 21/21 MP: 4/4
  1376 | D:2      | 1376 ||| UPGRADING to +0 pair of gloves.
  1381 | D:2      | 1381 ||| READING scroll labelled FOHASI SAHEIHO.
  1382 | D:2      | 1382 ||| READING scroll labelled ARASME RENNAHI.
  1383 | D:2      | 1383 ||| READING scroll labelled QOYSEE XUMODITU.
  1426 | D:3      | Found a faded altar of an unknown god.
  1433 | D:3      | Noticed Natasha
  1442 | D:3      | Killed Natasha
  1443 | D:3      | Reached XP level 4. HP: 13/26 MP: 5/5
  1551 | D:3      | Reached skill level 4 in Ranged Weapons
  1633 | D:3      | Found an ornate altar of the Wu Jian Council.
  1842 | D:3      | Slain by a worm

Levels and vault maps discovered:
D:1:      nagdon_arrival_zigzag_paths, layout_basic
D:2:      layout_loops_ring, minmay_pentomino_s2
D:3:      layout_loops_ring, nzn_wu_jian_council_hall,
          mainiacjoe_overflow_alcove_1, basic_ecumenical_altar,
          minmay_three_crescents, uniq_natasha, uniq_ijyb

Skill      XL: |  1  2  3  4 |
---------------+-------------+-----
Ranged Weapons | 3 4 |  4.5
Fighting       | 2 |  2.0
Dodging        | |  1.5
Spellcasting   | |  1.0
Hexes          | |  2.6

Action                     |  1- 3 |  4- 6 || total
---------------------------+-------+-------++-------
   Fire: Sling             |   114 |    60 ||   174
    Use: Scroll            |     6 |       ||     6
 Armour: Robe              |    29 |     7 ||    36
  Dodge: Dodged            |    38 |    20 ||    58

Table legend:
 A = Non-vault XP
 B = Vault XP
 C = Vault XP percentage of total XP
 D = Non-vault monster count
 E = Vault monster count
 F = Vault count percentage of total count
                 A         B        C        D         E       F
            +---------+---------+-------+---------+---------+-------
      Total |     102 |      49 |  32.5 |      37 |       8 |  17.8
            +---------+---------+-------+---------+---------+-------
        D:1 |      29 |       0 |   0.0 |      17 |       0 |   0.0
        D:2 |      13 |       6 |  31.6 |       8 |       2 |  20.0
        D:3 |      60 |      43 |  41.7 |      12 |       6 |  33.3
            +---------+---------+-------+---------+---------+-------
